 Dungeon Crawl Stone Soup version 0.23.2 (webtiles) character file.

Game seed: 18312362610866944912

1598 raph the Carver (level 8, -6/64 HPs)
             Began as a Minotaur Fighter on Apr 3, 2019.
             Was a Priest of Yredelemnul.
             Splashed by an acid dragon's acid (15 damage)
             ... on level 7 of the Dungeon.
             The game lasted 00:16:06 (6286 turns).

raph the Carver (Minotaur Fighter)                  Turns: 6286, Time: 00:16:07

Health: -6/64      AC:  0    Str: 20    XL:     8   Next: 62%
Magic:  11/11      EV:  7    Int:  5    God:    Yredelemnul [***...]
Gold:   211        SH:  0    Dex: 18    Spells: 7/7 levels left

rFire    . . .     SeeInvis .   a - +3 long sword
rCold    . . .     Gourm    .   (no shield)
rNeg     . . .     Faith    .   r - +0 chain mail
rPois    .         Spirit   .   (helmet restricted)
rElec    .         Reflect  .   (no cloak)
rCorr    .         Harm     .   s - +1 pair of gloves
MR       +....                  F - +0 pair of boots
Stlth    ..........             w - amulet of the acrobat
HPRegen  0.20/turn              z - +5 ring of dexterity
MPRegen  0.12/turn              m - ring of protection from magic

@: corroded
A: retaliatory headbutt, horns 2
a: Recall Undead Slaves, Injury Mirror, Animate Dead, Renounce Religion


You were on level 7 of the Dungeon.
You worshipped Yredelemnul.
Yredelemnul was most pleased with you.
You were not hungry.

You visited 1 branch of the dungeon, and saw 7 of its levels.

You collected 376 gold pieces.
You spent 165 gold pieces at shops.

Inventory:

Hand Weapons
 a - a +3 long sword (weapon)
Missiles
 e - 9 tomahawks (quivered)
 v - 10 javelins
Armour
 c - a +0 shield
 r - a +0 chain mail (worn)
 s - a +1 pair of gloves (worn)
 F - a +0 pair of boots (worn)
Jewellery
 h - an uncursed ring of magical power
 m - a ring of protection from magic (right hand)
 w - an amulet of the acrobat (around neck)
 z - a +5 ring of dexterity (left hand)
 B - an uncursed ring of ice
Wands
 x - a wand of flame (40)
 C - a wand of paralysis (5)
Scrolls
 i - 2 scrolls of teleportation
 j - a scroll of fear
 o - 4 scrolls of amnesia
 y - 3 scrolls of remove curse
Potions
 b - a potion of berserk rage {unknown}
 d - a potion of might
 g - 4 potions of curing
 k - 3 potions of heal wounds
 l - a potion of ambrosia
 n - 4 potions of haste
 p - a potion of cancellation
 q - a potion of invisibility {unknown}
 t - 3 potions of lignification {unknown}
 u - 2 potions of mutation
 A - a potion of magic {unknown}
 D - a potion of resistance {unknown}
 E - a potion of degeneration {unknown}
Comestibles
 f - 17 rations


   Skills:
 - Level 3.6 Fighting
 + Level 10.6 Long Blades
 - Level 3.6 Armour
 - Level 3.6 Shields
 + Level 6.3 Invocations


You had 7 spell levels left.
You didn't know any spells.
Your spell library was empty.

Dungeon Overview and Level Annotations

Branches:
Dungeon (7/15)             Temple (0/1) D:7

Altars:
Elyvilon
Nemelex Xobeh
Okawaru
Qazlal
Xom
Yredelemnul
Zin

Shops:
D:5 :[%   D:7 !


Innate Abilities, Weirdness & Mutations

You reflexively headbutt those who attack you in melee.
You have a pair of horns on your head.


Message History

The acid dragon spits acid at you. The splash of acid hits you.
The acid corrodes you!
You are splashed with acid!
* * * LOW HITPOINT WARNING * * *
You closely miss the acid dragon.
The acid dragon is almost dead.
You hit the acid dragon but do no damage.
The acid dragon is almost dead.
The acid dragon bites you!
* * * LOW HITPOINT WARNING * * *
The acid dragon claws you but does no damage.
You feel much better. The acid dragon bites you!
The acid dragon claws you but does no damage.
Your chain mail prevents you from hitting the acid dragon.
The acid dragon is almost dead.
The acid dragon spits acid at you. The splash of acid hits you!
* * * LOW HITPOINT WARNING * * *
The acid corrodes you!
You are splashed with acid!
You die...
Your body rises from the dead as a mindless zombie.

#....P♣♣♣P.♣♣P...##§§§
#.....♣ .≈.♣♣P...#§§§§
###...♣.≈≈≈ ......§§§§
#..P♣≈≈⌠≈≈♣.....§§§.
#...P.≈≈≈.P........#
#...♣♣.≈.♣♣.........
##...♣ PP.♣♣♣....#...
#...P♣..P...♣...###..
#...@D.......... ###
#...........
#...........
############


You could see an acid dragon.

Vanquished Creatures
  An orc warrior (D:6)
  A phantom (D:4)
  An ogre (D:6)
  A centaur (D:5)
  4 bullfrogs
  A scorpion (D:4)
  A howler monkey (D:7)
  2 crimson imps
  A jelly (D:7)
  7 orc wizards
  A centaur skeleton (D:7)
  3 hounds
  2 iguanas
  A bullfrog skeleton (D:4)
  4 worker ants (D:6)
  A hound skeleton (D:4)
  A mummy (D:6)
  Robin (D:2)
  4 gnolls
  6 adders
  A shadow imp (D:5)
  An ooze (D:2)
  An adder skeleton (D:4)
  3 worms
  3 dart slugs
  3 leopard geckos
  31 orcs
  A ball python (D:2)
  5 giant cockroaches
  16 goblins
  7 hobgoblins
  3 quokkas
  8 bats
  4 frilled lizards
  2 hobgoblin zombies (D:6)
  6 kobolds
  2 orc zombies (D:6)
  A quokka zombie (D:7)
  7 rats
149 creatures vanquished.

Vanquished Creatures (collateral kills)
  A centaur zombie (D:5)
  An orc wizard (D:6)
  A worker ant (D:4)
  6 orcs (D:6)
  A goblin (D:3)
  A hobgoblin (D:3)
  2 butterflies (D:6)
13 creatures vanquished.

Vanquished Creatures (others)
  A bullfrog zombie (D:6)
  An iguana skeleton (D:6)
  A bat zombie (D:3)
  A leopard gecko skeleton (D:6)
  2 orc skeletons
  4 orc zombies
  A quokka zombie (D:5)
11 creatures vanquished.

Grand Total: 173 creatures vanquished

Notes
Turn   | Place    | Note
-------+----------+-------------------------------------------
     0 | D:1      | raph the Minotaur Fighter began the quest for the Orb.
     0 | D:1      | Reached XP level 1. HP: 19/19 MP: 0/0
    38 | D:1      | Reached skill level 3 in Long Blades
    87 | D:1      | Reached XP level 2. HP: 26/26 MP: 1/1
   982 | D:2      | Reached skill level 4 in Long Blades
   982 | D:2      | Reached XP level 3. HP: 31/31 MP: 2/2
   985 | D:2      | Reached skill level 5 in Long Blades
  1091 | D:2      | Reached XP level 4. HP: 24/39 MP: 3/3
  1246 | D:2      | Reached skill level 6 in Long Blades
  1427 | D:2      | Found a basalt altar of Yredelemnul.
  1437 | D:2      | Became a worshipper of Yredelemnul the Dark
  1470 | D:2      | Found a glowing silver altar of Zin.
  1649 | D:2      | Noticed Robin
  1654 | D:2      | Reached XP level 5. HP: 43/45 MP: 4/4
  1661 | D:2      | Killed Robin
  1725 | D:2      | Found a white marble altar of Elyvilon.
  1903 | D:2      | Reached * piety under Yredelemnul
  1966 | D:2      | Found a stormy altar of Qazlal.
  2215 | D:3      | Reached skill level 7 in Long Blades
  2672 | D:3      | Reached ** piety under Yredelemnul
  3028 | D:4      | Noticed a phantom
  3036 | D:4      | Reached XP level 6. HP: 49/51 MP: 5/5
  3052 | D:4      | Reached skill level 1 in Invocations
  3128 | D:4      | Reached skill level 8 in Long Blades
  3687 | D:4      | Reached XP level 7. HP: 57/57 MP: 8/8
  4266 | D:5      | Entered Level 5 of the Dungeon
  4294 | D:5      | Found Pikatz's Book Shoppe.
  4390 | D:5      | Found Ziff's Armour Shop.
  4418 | D:5      | Reached skill level 9 in Long Blades
  4604 | D:5      | Found Mealioh's Food Shoppe.
  4996 | D:6      | Found a shimmering altar of Xom.
  5036 | D:6      | Reached XP level 8. HP: 53/64 MP: 10/10
  5046 | D:6      | Reached *** piety under Yredelemnul
  5046 | D:6      | Reached skill level 5 in Invocations
  5106 | D:6      | Reached skill level 10 in Long Blades
  5576 | D:6      | Found a sparkling altar of Nemelex Xobeh.
  5732 | D:7      | Found Zeichina's Distillery.
  6136 | D:7      | Bought a potion of haste for 110 gold pieces
  6136 | D:7      | Bought a potion of heal wounds for 55 gold pieces
  6155 | D:7      | Found a staircase to the Ecumenical Temple.
  6167 | D:7      | Found an iron altar of Okawaru.
  6286 | D:7      | Splashed by an acid dragon's acid

Skill      XL: |  1  2  3  4  5  6  7  8 |
---------------+-------------------------+-----
Long Blades    | 3 4 5 6 7 8 9 10 | 10.6
Invocations    | 3 4 6 |  6.3
Fighting       | |  3.6
Armour         | |  3.6
Shields        | |  3.6

Action                   |  1- 3 |  4- 6 |  7- 9 || total
-------------------------+-------+-------+-------++-------
Melee: Long sword        |    41 |   165 |   159 ||   365
       Headbutt          |     7 |    31 |    45 ||    83
Throw: Tomahawk          |       |     4 |     2 ||     6
Invok: Animate Remains   |       |    11 |     8 ||    19
       Animate Dead      |       |       |     4 ||     4
  Use: Scroll            |       |    11 |     4 ||    15
       Potion            |       |     2 |     1 ||     3
  Eat: Chunk             |       |    12 |    10 ||    22
       Ration            |       |       |     1 ||     1
Armor: Scale mail        |    18 |    12 |       ||    30
       Chain mail        |       |    89 |    79 ||   168
Dodge: Dodged            |    14 |    77 |    70 ||   161
Block: Shield            |     9 |       |       ||     9
       Rpst.: Long sword |     6 |    17 |    22 ||    45
